 Dungeon Crawl Stone Soup version 0.27.1-3-gb3d3a73c9e (webtiles) character file.

Game seed: 3891187922112822445

42 BlueLoon the Chiller (level 3, -2/25 HPs)
             Began as a Demonspawn Ice Elementalist on Oct 13, 2021.
             Slain by a hobgoblin (6 damage)
             ... led by Robin
             ... on level 2 of the Dungeon.
             The game lasted 00:08:57 (1136 turns).

BlueLoon the Chiller (Demonspawn Ice Elementalist)  Turns: 1136, Time: 00:08:57

Health: -2/25      AC:  2    Str:  9    XL:     3   Next: 35%
Magic:  2/6        EV: 12    Int: 16    God:
Gold:   40         SH:  5    Dex: 13    Spells: 2/6 levels left

rFire    . . .     SeeInvis .   c - +0 dagger
rCold    . . .     Faith    .   (no shield)
rNeg     . . .     Spirit   .   a - +0 robe
rPois    .         Reflect  +   (helmet restricted)
rElec    .         Harm     .   (no cloak)
rCorr    .         Rampage  .   (no gloves)
Will     .....                  (no boots)
Stlth    ++........             j - amulet of reflection
HPRegen  0.08/turn              (no ring)
MPRegen  0.10/turn              (no ring)

@: no status effects
A: antennae 1
a: no special abilities


You were on level 2 of the Dungeon.
You visited 1 branch of the dungeon, and saw 2 of its levels.

You collected 40 gold pieces.

Inventory:

Hand Weapons
 c - a +0 dagger (weapon)
 e - a +1 hunting sling of flaming
Missiles
 f - 37 stones
Armour
 a - a +0 robe (worn)
Jewellery
 j - an amulet of reflection (around neck)
Scrolls
 b - 2 scrolls of noise {unknown}
 g - a scroll of immolation {unknown}
 k - a scroll of brand weapon {unknown}
Potions
 d - a potion of degeneration {unknown}
 h - a potion of haste {unknown}
 i - 2 potions of curing {unknown}


   Skills:
 * Level 0.5 Fighting
 * Level 0.3 Short Blades
 + Level 0.4(0.5) Slings
 * Level 0.2(0.4) Throwing
 * Level 1.9 Dodging
 * Level 2.0 Stealth
 * Level 2.2 Spellcasting
 + Level 4.1 Ice Magic


You had 2 spell levels left.
You knew the following spells:

 Your Spells              Type           Power      Damage    Failure   Level
a - Freeze                Ice            60%        1d8       3%          1
b - Frozen Ramparts       Ice            30%        1d5       11%         3

Your spell library contained the following spells:

 Spells                   Type           Power      Damage    Failure   Level
 Apportation              Tloc           2%         N/A       21%         1
 Ozocubu's Armour         Ice            15%        N/A       11%         3
 Call Canine Familiar     Summ           1%         N/A       52%         3
 Portal Projectile        Hex/Tloc       2%         N/A       52%         3
 Hailstorm                Conj/Ice       8%         3d4       65%         4
 Leda's Liquefaction      Hex/Erth       0%         N/A       90%         4
 Alistair's Intoxication  Tmut/Pois      0%         N/A       99%         5
 Invisibility             Hex            0%         N/A       100%        6


Dungeon Overview and Level Annotations

Branches:
Dungeon (2/15)

Altars:

Annotations:
D:2 Robin


Innate Abilities, Weirdness & Mutations

You have a pair of small antennae on your head.


Message History

Robin of the Strong Arm comes into view.
They are wielding a +0 mace.
You barely miss the goblin.
The wall freezes the hobgoblin.
The wall freezes the goblin.
The goblin hits you with a +0 club.
You closely miss the goblin.
The goblin is moderately wounded.
The frozen ramparts melt away.
The goblin barely misses you.
Robin roars a battlecry!
The goblins go into a battle-frenzy!
You completely miss the goblin.
The goblin is moderately wounded.
The goblin hits you with a +0 club.
Robin says, "Feeling lonely?"
You hit the goblin.
You kill the goblin!
You closely miss the goblin. The goblin barely misses you.
You closely miss the goblin. The goblin hits you with a +0 club.
You hit the goblin.
The goblin is moderately wounded.
The goblin misses you.
You hit the goblin.
The goblin is severely wounded.
The goblin hits you with a +0 club. Robin throws the goblin at you!
You block the goblin's attack.
You hit the goblin.
You kill the goblin!
The goblin no longer looks unusually strong.
You block the hobgoblin's attack. The goblin closely misses you.
You closely miss the hobgoblin.
The hobgoblin is heavily wounded.
The goblin barely misses you. The hobgoblin closely misses you. x2
You closely miss the hobgoblin.
The hobgoblin is heavily wounded.
The hobgoblin no longer looks unusually strong.
The goblin hits you with a +0 club. x2
* * * LOW HITPOINT WARNING * * *
Robin roars a battlecry!
The goblins go into a battle-frenzy!
The hobgoblin hits you.
You die...

### #)#..# ##.## #.#.#
##.#.##..(>#
##.###.##g#.#####
#.##....)........
##.#....gg.....# .
##............#
##..######..g##.#.#<.#
#...........g@gg#.# .#
#.#.#####.#.g#### # .
#.#.# #†#..# #.#.#
#.#..# #.#.#####.#..#
####.#..........#
................#
####.########.......
#..# #......


You could see Robin, 2 hobgoblins and 2 goblins.

Vanquished Creatures
  An adder (D:2)
  A bat (D:1)
  3 endoplasms (D:1)
  5 giant cockroaches (D:1)
  8 goblins
  A hobgoblin (D:1)
  2 kobolds
  3 quokkas (D:1)
  A ball python (D:1)
25 creatures vanquished.

Notes
Turn   | Place    | Note
-------+----------+-------------------------------------------
     0 | D:1      | BlueLoon the Demonspawn Ice Elementalist began the quest
                  | for the Orb.
     0 | D:1      | Reached XP level 1. HP: 13/13 MP: 3/3
   280 | D:1      | Gained mutation: You have a pair of small antennae on your
                  | head. [demonic ancestry]
   280 | D:1      | Reached XP level 2. HP: 10/19 MP: 0/5
   287 | D:1      | Reached skill level 4 in Ice Magic
   661 | D:1      | Found a faded altar of an unknown god.
  1080 | D:2      | Reached XP level 3. HP: 24/24 MP: 6/6
  1114 | D:2      | Learned a level 3 spell: Frozen Ramparts
  1120 | D:2      | Noticed Robin
  1136 | D:2      | Slain by a hobgoblin

Illustrated notes

Levels and vault maps discovered:
D:1:      amcnicky_arrival_choice, layout_basic, ebering_ecumenical_altar_rust,
          minmay_worlds_worst_comb
D:2:      layout_loops_ring, uniq_robin

Skill      XL: |  1  2 |
---------------+-------+-----
Ice Magic      | 4 |  4.1
Stealth        | 2 |  2.0
Fighting       | |  0.5
Short Blades   | |  0.3
Slings         | |  0.4
Throwing       | |  0.2
Dodging        | |  1.9
Spellcasting   | |  2.2

Action                   || total
-------------------------++-------
Melee: Unarmed           ||     2
       Dagger            ||    19
 Fire: Hunting sling     ||    24
 Cast: Freeze            ||    14
       Frozen Ramparts   ||     1
 Stab: Sleeping          ||     1
Armor: Robe              ||     4
Dodge: Dodged            ||    19
Block: Other             ||     3
